 Dungeon Crawl Stone Soup version 0.25-a0-578-gc91f01c (webtiles) character file.

Game seed: 4924585925681794547, levelgen mode: deterministic

280 15 the Shield-Bearer (level 6, -4/49 HPs)
             Began as a Formicid Fighter on Mar 3, 2020.
             Slain by an ogre
             ... wielding a cursed -1 giant spiked club
              (26 damage)
             ... on level 5 of the Dungeon.
             The game lasted 00:08:09 (2239 turns).

15 the Shield-Bearer (Formicid Fighter)             Turns: 2239, Time: 00:08:10

Health: -4/49      AC: 12    Str: 19 (20) XL:     6   Next: 52%
Magic:  9/9        EV: 10    Int: 10      God:
Gold:   130        SH:  9    Dex: 10      Spells: 9/9 levels left

rFire    . . .     SeeInvis +   a - +0 war axe
rCold    + . .     Gourm    .   c - +0 kite shield
rNeg     . . .     Faith    .   o - +3 leather armour {rC+}
rPois    .         Spirit   .   (helmet unavailable)
rElec    .         Reflect  .   j - +1 cloak
rCorr    .         Harm     .   i - +0 pair of gloves
MR       .....                  l - +0 pair of boots
Stlth    +.........             (no amulet)
HPRegen  0.16/turn              (no ring)
MPRegen  0.11/turn              (no ring)

@: stab
A: permanent stasis, dig shafts and tunnels, four strong arms, antennae 3, claws
1, rugged brown scales 1, deterioration 1
a: Dig, Shaft Self


You were on level 5 of the Dungeon.
You were not hungry.

You visited 1 branch of the dungeon, and saw 5 of its levels.

You collected 130 gold pieces.

Inventory:

Hand Weapons
 a - a +0 war axe (weapon)
 d - a +3 quarterstaff of chaos
Armour
 b - a +0 scale mail
 c - a +0 kite shield (worn)
 i - a +0 pair of gloves (worn)
 j - a +1 cloak (worn)
 l - a +0 pair of boots (worn)
 o - a +3 leather armour of cold resistance (worn)
Wands
 k - a wand of iceblast (7)
Scrolls
 m - a scroll of immolation
Potions
 n - 2 potions of curing
Comestibles
 f - 10 rations


   Skills:
 + Level 3.9 Fighting
 + Level 3.5 Axes
 + Level 4.4 Armour
 * Level 1.7 Dodging
 + Level 4.4 Shields
 * Level 2.3 Spellcasting


You had 9 spell levels left.
You didn't know any spells.
Your spell library was empty.

Dungeon Overview and Level Annotations

Branches:
Dungeon (6/15)
 Temple: D:4-7

Altars:


Innate Abilities, Weirdness & Mutations

You cannot be hasted, slowed, berserked, paralysed or teleported.
You can dig through walls and to a lower floor.
Your four strong arms can wield two-handed weapons with a shield.
You have a pair of large antennae on your head. (SInv)
You have sharp fingernails.
You are partially covered in rugged brown scales. (AC +1, +3% HP)
Your body sometimes deteriorates upon taking damage.


Message History

The ogre is moderately wounded.
The ogre barely misses you.
You barely miss the ogre.
The ogre is moderately wounded.
The ogre closely misses you.
You hit the ogre but do no damage.
The ogre is moderately wounded.
The ogre hits you with a cursed -1 giant spiked club!
You barely miss the ogre.
The ogre is moderately wounded.
You block the ogre's attack.
You barely miss the ogre.
The ogre is moderately wounded.
The ogre hits you with a cursed -1 giant spiked club!
Your body deteriorates!
You feel weakened.
You hit the ogre.
The ogre is moderately wounded.
The ogre hits you with a cursed -1 giant spiked club!!
Ouch! That really hurt!
You die...

#..).####.##.####
###..............
.##
#....####.##.####
O.# #>..(# #.##+##
... ###+#####.#...##
... # #........##
#{# ###.......##
#..#
+..........####...##
#+........@O.......#
#.........####...##
#.#.......## #.##
#.##.....## .# #.
##...## # ##+##


You could see an ogre.

Vanquished Creatures
  A centaur (D:6)
  Crazy Yiuf (D:2)
  Ijyb (D:5)
  A worker ant (D:6)
  3 gnolls (D:6)
  5 adders (D:2)
  A worm (D:2)
  A dart slug (D:2)
  2 ball pythons
  10 bats
  2 giant cockroaches
  4 goblins
  7 hobgoblins
  3 jackals (D:2)
  A quokka (D:2)
  A frilled lizard (D:3)
  4 kobolds
  6 rats
54 creatures vanquished.

Notes
Turn   | Place    | Note
-------+----------+-------------------------------------------
     0 | D:1      | 15 the Formicid Fighter began the quest for the Orb.
     0 | D:1      | Reached XP level 1. HP: 18/18 MP: 1/1
   174 | D:1      | Reached XP level 2. HP: 24/24 MP: 2/2
   223 | D:1      | You fall into a shaft and drop 1 floor!
   246 | D:2      | Reached skill level 1 in Spellcasting
   616 | D:1      | Reached XP level 3. HP: 22/29 MP: 4/4
   752 | D:2      | Reached skill level 1 in Dodging
   791 | D:2      | Reached XP level 4. HP: 28/35 MP: 6/6
  1387 | D:2      | Found a runed translucent door.
  1388 | D:2      | Noticed Crazy Yiuf
  1531 | D:2      | Killed Crazy Yiuf
  1531 | D:2      | Reached XP level 5. HP: 13/42 MP: 7/7
  1880 | D:3      | You fall into a shaft and drop 3 floors!
  1940 | D:6      | Noticed a centaur
  1954 | D:6      | Killed a centaur
  1954 | D:6      | Reached XP level 6. HP: 22/48 MP: 9/9
  2129 | D:6      | Noticed a black bear
  2137 | D:5      | Entered Level 5 of the Dungeon
  2137 | D:5      | Noticed Ijyb
  2167 | D:5      | Killed Ijyb
  2224 | D:5      | Noticed an ogre
  2229 | D:5      | Gained mutation: You have sharp fingernails. [potion of
                  | mutation]
  2229 | D:5      | Gained mutation: Your body sometimes deteriorates upon
                  | taking damage. [potion of mutation]
  2229 | D:5      | Gained mutation: You are partially covered in rugged brown
                  | scales. (AC +1, +3% HP) [potion of mutation]
  2239 | D:5      | Slain by an ogre

Levels and vault maps discovered:
D:1:      dpeg_arrival_solitude, layout_loops_ring, serial_bayou_pond_a
D:2:      layout_rooms, uniq_crazy_yiuf_cottage
D:3:      layout_rooms, lemuel_crystal_altar
D:5:      layout_loops_corners, vehumet_altar_wand_db, minmay_temple_entry_hall,
          nicolae_dithmenos_through_a_glass_darkly, uniq_duvessa, uniq_edmund,
          uniq_ijyb, uniq_blork_the_orc, uniq_grinder
D:6:      layout_basic, tgw_trog

Skill      XL: |  1  2  3  4  5 |
---------------+----------------+-----
Spellcasting   | 1 2 |  2.3
Dodging        | 1 |  1.7
Shields        | 4 |  4.4
Axes           | 3 |  3.5
Armour         | 4 |  4.4
Fighting       | |  3.9

Action                   |  1- 3 |  4- 6 || total
-------------------------+-------+-------++-------
Melee: War axe           |    84 |   130 ||   214
  Use: Scroll            |     7 |     1 ||     8
       Potion            |       |    10 ||    10
  Eat: Chunk             |       |     5 ||     5
Armor: Scale mail        |    43 |    53 ||    96
Dodge: Dodged            |    34 |    38 ||    72
Block: Kite shield       |    53 |    68 ||   121

Table legend:
 A = Non-vault XP
 B = Vault XP
 C = Vault XP percentage of total XP
 D = Non-vault monster count
 E = Vault monster count
 F = Vault count percentage of total count
                 A         B        C        D         E       F
            +---------+---------+-------+---------+---------+-------
      Total |     325 |      76 |  19.0 |      52 |       2 |   3.7
            +---------+---------+-------+---------+---------+-------
        D:1 |      22 |       0 |   0.0 |      14 |       0 |   0.0
        D:2 |     111 |      41 |  27.0 |      29 |       1 |   3.3
        D:3 |       4 |       0 |   0.0 |       4 |       0 |   0.0
        D:5 |       0 |      35 | 100.0 |       0 |       1 | 100.0
        D:6 |     188 |       0 |   0.0 |       5 |       0 |   0.0
            +---------+---------+-------+---------+---------+-------
